 Dungeon Crawl Stone Soup version 0.31-a0-982-g1816016f30 (webtiles) character file.

Game seed: 13967444632166450948

585 MacCMillion the Chopper (level 7, 0/57 HPs)
             Began as a Ghoul Fighter on Nov 2, 2023.
             Slain by a killer bee (4 damage)
             ... on level 5 of the Dungeon.
             The game lasted 00:06:43 (4335 turns).

MacCMillion the Chopper (Ghoul Fighter)             Turns: 4335, Time: 00:06:43

Health: 0/57       AC: 11    Str: 22    XL:     7   Next: 37%
Magic:  6/6        EV:  6    Int:  3    God:
Gold:   225        SH:  4    Dex:  8    Spells: 6/6 levels left

rFire   . . .        i - +3 whip (elec)
rCold   + . .        c - +0 buckler
rNeg    + + +        e - +0 plate armour
rPois   ∞            (no helmet)
rElec   .            (no cloak)
rCorr   .            (no gloves)
SInv    .            (no boots)
Will    .....        (no amulet) Stlth
                     (no ring)
HPRegen 0.00/turn    (no ring)
MPRegen 0.10/turn

%: no passive effects
@: inhibited regen
A: claws 1, cold resistance 1, negative energy resistance 3, inhibited
regeneration, torment resistance 2, devour on kill
a: no special abilities


You were on level 5 of the Dungeon.
You visited 2 branches of the dungeon, and saw 6 of its levels.
You also visited: Ossuary.

You collected 225 gold pieces.

Inventory:

Hand Weapons
 a - a +0 war axe
 i - a +3 whip of electrocution (weapon)
Missiles
 g - 6 poisoned darts
 j - 2 throwing nets
Armour
 c - a +0 buckler (worn)
 e - a +0 plate armour (worn)
Wands
 r - a wand of flame (8)
Scrolls
 b - a scroll of teleportation {unknown}
 f - 2 scrolls of vulnerability {unknown}
 m - 2 scrolls of silence
 n - a scroll of fog {unknown}
 o - a scroll of enchant armour {unknown}
 p - a scroll of immolation {unknown}
 u - a scroll of noise {unknown}
Potions
 d - a potion of might
 h - 3 potions of mutation
 k - a potion of heal wounds {unknown}
 l - 4 potions of enlightenment
 q - 3 potions of curing
 s - a potion of haste {unknown}
 t - a potion of attraction {unknown}
 v - a potion of brilliance {unknown}


   Skills:
 - Level 3.2 Fighting
 + Level 6.6 Axes
 - Level 2.6 Armour
 - Level 4.0 Shields


You had 6 spell levels left.
You didn't know any spells.
Your spell library contained the following spells:

 Spells                   Type           Power      Damage    Failure   Level
 Apportation              Tloc           0%         N/A       100%        1
 Necrotise                Necr           0%         1d4       100%        1
 Summon Small Mammal      Summ           0%         N/A       100%        1


Dungeon Overview and Level Annotations

Branches:
Dungeon (5/15)             Temple (1/1) D:4         Ossuary (visited)

Altars:
Ashenzari
Cheibriados
Kikubaaqudgha
Nemelex Xobeh
Okawaru
Qazlal
Ru
Sif Muna
Trog
Yredelemnul

Shops:
D:2 :

Annotations:
D:3 4 runed translucent doors, Crazy Yiuf; ongoing's ghost, amateur MfSh


Innate Abilities, Weirdness & Mutations

You are immune to poison.
You have sharp fingernails.
Your flesh is cold resistant. (rC+)
You are immune to negative energy. (rN+++)
You do not regenerate when monsters are visible.
You are immune to unholy pain and torment.
You thrive by killing the living.


Message History

The killer bee stings you but does no damage.
The killer bee stings you.
The killer bee stings you but does no damage.
You closely miss the killer bee.
The killer bee is lightly wounded.
The killer bee closely misses you. The killer bee stings you.
The killer bee barely misses you.
You closely miss the killer bee.
The killer bee is lightly wounded.
The killer bee stings you. The killer bee stings you!
The killer bee stings you but does no damage.
You block the killer bee's attack.
You closely miss the killer bee.
The killer bee is lightly wounded.
The killer bee barely misses you. The killer bee stings you.
The killer bee stings you but does no damage.
The killer bee stings you!
You hit the killer bee.
The killer bee is moderately wounded.
The killer bee barely misses you. The killer bee stings you!
* * * LOW HITPOINT WARNING * * *
The killer bee stings you but does no damage. x2
You closely miss the killer bee.
The killer bee is moderately wounded.
The killer bee stings you but does no damage. x2
The killer bee stings you.
* * * LOW HITPOINT WARNING * * *
You completely miss the killer bee.
The killer bee is moderately wounded.
The killer bee stings you but does no damage.
The killer bee stings you.
* * * LOW HITPOINT WARNING * * *
The killer bee stings you.
* * * LOW HITPOINT WARNING * * *
The killer bee barely misses you.
Okay, then.
You hit the killer bee.
The killer bee is severely wounded.
The killer bee stings you.
You die...

#..............
#...........#
#...........#
#...........#####.
...###'#.........
#.........#...#..........
#.........#...#...........
#.........#...#yy.........
#.........#...#@..........
#.........#...#...........
#.........#...#...........
#.........#...#...........
+#.........# #.).........
........###########'######
........'.............#
........#...........).#
........#.............#


You could see 2 killer bees.

Vanquished Creatures
  A scorpion (D:3)
  A water moccasin zombie (Ossuary)
  An orc priest (D:4)
  A jelly (D:3)
  An orc wizard (D:4)
  An iguana (D:5)
  Natasha (thrice) (D:2)
  Terence (D:3)
  2 mummies (Ossuary)
  Robin (D:2)
  3 adders (D:4)
  4 gnolls (D:2)
  4 adder zombies (Ossuary)
  A worm (D:4)
  3 dart slugs
  14 orcs
  6 endoplasms
  4 giant cockroaches
  6 gnoll zombies (Ossuary)
  14 goblins
  11 hobgoblins
  2 jackals (D:2)
  5 quokkas
  5 ball pythons
  7 bats
  7 frilled lizards
  5 hobgoblin zombies (Ossuary)
  4 kobolds
  5 kobold zombies (Ossuary)
  6 orc zombies (Ossuary)
  3 rats (D:3)
132 creatures vanquished.

Notes
Turn   | Place    | Note
-------+----------+-------------------------------------------
     0 | D:1      | MacCMillion the Ghoul Fighter began the quest for the Orb.
     0 | D:1      | Reached XP level 1. HP: 19/19 MP: 0/0
    46 | D:1      | Reached skill level 2 in Axes
    79 | D:1      | Reached XP level 2. HP: 25/26 MP: 1/1
   696 | D:2      | Reached XP level 3. HP: 31/31 MP: 2/2
   709 | D:2      | Found Rirenli's Book Shoppe.
   783 | D:2      | Noticed Robin
   791 | D:2      | Killed Robin
   798 | D:2      | Identified the +2 robe of Qazlal's Hope {Will- Int+3 Dex+2}
   831 | D:2      | Reached XP level 4. HP: 30/38 MP: 3/3
   931 | D:2      | Reached skill level 3 in Axes
  1201 | D:2      | Noticed Natasha
  1208 | D:2      | Killed Natasha
  1209 | D:2      | Reached XP level 5. HP: 43/45 MP: 4/4
  1557 | D:2      | Noticed Natasha
  1562 | D:2      | Killed Natasha
  1563 | D:2      | Reached skill level 4 in Axes
  1750 | D:2      | Found Rirenli's Book Shoppe.
  1768 | D:2      | Noticed Natasha
  1780 | D:2      | Killed Natasha
  2339 | D:3      | Noticed Terence
  2348 | D:3      | Killed Terence
  2349 | D:3      | Reached XP level 6. HP: 50/51 MP: 5/5
  2564 | D:3      | Reached skill level 5 in Axes
  2655 | D:3      | Found a runed translucent door.
  2656 | D:3      | Noticed Crazy Yiuf
  2684 | D:3      | Found a runed translucent gate.
  2685 | D:3      | Found a runed translucent gate.
  2686 | D:3      | Found a runed translucent gate.
  2688 | D:3      | Noticed ongoing's ghost (amateur MfSh)
  2856 | D:4      | Found a sand-covered staircase.
  2890 | Ossuary  | Entered an ossuary
  3096 | Ossuary  | Reached XP level 7. HP: 57/57 MP: 6/6
  3104 | Ossuary  | Reached skill level 6 in Axes
  3386 | D:4      | Found a staircase to the Ecumenical Temple.
  3395 | Temple   | Entered the Ecumenical Temple
  3966 | D:4      | Found a bloodstained altar of Trog.
  4003 | D:4      | Found a basalt altar of Yredelemnul.
  4254 | D:5      | Entered Level 5 of the Dungeon
  4335 | D:5      | Slain by a killer bee

Illustrated notes

Levels and vault maps discovered:
D:1:      amcnicky_arrival_double_pillar, layout_loops_ring
D:2:      layout_rooms, serial_shops, shop, uniq_natasha, uniq_robin
D:3:      layout_basic, gammafunk_ghost_necromancy, serial_corexii_hall,
          corexii_hall_statues_i, corexii_hall_statues_l,
          minmay_misc_feat_more_columns, uniq_crazy_yiuf_cottage, uniq_terence
D:4:      layout_gridville, mainiacjoe_overflow_big_doors,
          lemuel_temple_firewalk_b, enter_ossuary_1
D:5:      layout_gridville, led_xom_imps, uniq_eustachio
Temple:   minmay_temple_curvy_loop

Skill      XL: |  1  2  3  4  5  6  7 |
---------------+----------------------+-----
Axes           | 2 3 4 5 6 |  6.6
Shields        | 3 4 |  4.0
Fighting       | |  3.2
Armour         | |  2.6

Action                     |  1- 3 |  4- 6 |  7- 9 || total
---------------------------+-------+-------+-------++-------
  Melee: War axe           |   129 |     6 |       ||   135
         Whip              |       |   215 |    88 ||   303
    Use: Scroll            |       |       |     4 ||     4
 Armour: Scale mail        |    17 |       |       ||    17
         Plate armour      |    88 |   147 |    80 ||   315
  Dodge: Dodged            |    38 |    43 |    25 ||   106
  Block: Buckler           |    30 |    30 |    15 ||    75

Table legend: (Time is in decaauts)
 A = Elapsed time spent in this place.
 B = Non-inter-level travel time spent in this place.
 C = Inter-level travel time spent in this place.
 D = Time resting spent in this place.
 E = Time spent auto-exploring this place.
 F = Levels seen in this place.
 G = Mean time per level.
                   A        B        C        D        E       F      G
               +--------+--------+--------+--------+--------+-----+--------+
         Total |   4397 |   4276 |    121 |    634 |   2697 |   7 |  628.1 |
       Dungeon |   3982 |   3864 |    118 |    464 |   2577 |   5 |  796.4 |
        Temple |      7 |      4 |      3 |      0 |      0 |   1 |    7.0 |
       Ossuary |    407 |    407 |      0 |    170 |    120 |   1 |  407.0 |
               +--------+--------+--------+--------+--------+-----+--------+

Top non-repeatable levels by time:
     D:2: 1419 daAuts
     D:4: 1009 daAuts
     D:1: 774 daAuts
     D:3: 699 daAuts
 Ossuary: 407 daAuts
     D:5: 79 daAuts
  Temple: 7 daAuts
